 Dungeon Crawl Stone Soup version bcrawl-1.21.2-28-g2cb1824106 (webtiles) character file.

Game seed: 18132966302214423457

71 BeastOfSaturn the Sneak (level 4, -10/24 HPs)
             Began as a Vine Stalker Enchanter on Mar 8, 2020.
             Killed by divine providence
             ... invoked by an orc priest
              (15 damage)
             ... on level 3 of the Dungeon.
             The game lasted 00:08:25 (1258 turns).

BeastOfSaturn the Sneak (Vine Stalker Enchanter)    Turns: 1258, Time: 00:08:26

Health: -10/24     AC:  6    Str: 10    XL:     4   Next: 24%
Magic:  5/8        EV: 11    Int: 16    God:
Gold:   46         SH:  0    Dex: 15    Spells: 0/7 levels left

rFire    . . .     SeeInvis .   g - +0 short sword
rCold    . . .     Gourm    .   (no shield)
rNeg     . . .     Faith    .   c - +0 ring mail
rPois    .         Spirit   .   (no helmet)
rElec    .         Reflect  .   (no cloak)
rCorr    .         Harm     .   (no gloves)
MR       +....                  n - +0 pair of boots
Stlth    ++........             (no amulet)
HPRegen  0.48/turn              h - ring of protection from magic
MPRegen  0.11/turn              (no ring)

@: no status effects
A: fangs 2, regeneration 1, no potion heal 3, rot immunity, strong jaws
a: no special abilities


You were on level 3 of the Dungeon.
You were not hungry.

You visited 1 branch of the dungeon, and saw 3 of its levels.

You collected 46 gold pieces.

Inventory:

Hand Weapons
 a - a +1 dagger
 g - a +0 short sword (weapon)
Armour
 b - a +0 robe
 c - a +0 ring mail (worn)
 n - a +0 pair of boots (worn)
Jewellery
 h - a ring of protection from magic (left hand)
Scrolls
 d - a scroll of fog
 i - 3 scrolls of remove curse {unknown}
 l - 4 scrolls of identify {unknown}
 m - a scroll of enchant armour {unknown}
 o - a scroll of teleportation {unknown}
 p - a scroll of fear {unknown}
 q - a scroll of immolation {unknown}
 r - a scroll of amnesia {unknown}
 s - a scroll of magic mapping {unknown}
Potions
 f - a potion of invisibility
 j - a potion of berserk rage {unknown}
 k - 4 potions of curing {unknown}
 t - a potion of lignification {unknown}
 v - a potion of degeneration {unknown}
Comestibles
 e - 8 rations {!d}


   Skills:
 * Level 0.5 Fighting
 * Level 1.9 Short Blades
 + Level 0.5 Armour
 + Level 2.0 Dodging
 * Level 5.3 Stealth
 - Level 2.1 Spellcasting
 * Level 3.6 Hexes


You couldn't memorise any spells.
You knew the following spells:

 Your Spells              Type           Power        Failure   Level  Hunger
a - Corona                Hex            ##.....      12%         1    #......
b - Confuse               Hex            ##......     34%         3    ###....
c - Dazzling Spray        Conj/Hex       #.....       58%         3    ###....

Your spell library contained the following spells:

 Spells                   Type           Power        Failure   Level  Hunger
 Tukima's Dance           Hex            ##......     34%         3    ###....
 Ensorcelled Hibernation  Hex/Ice        #.....       36%         2    ###....


Dungeon Overview and Level Annotations

Branches:
Dungeon (3/12)

Altars:


Innate Abilities, Weirdness & Mutations

You have extremely sharp teeth.
Your natural rate of healing is unusually fast.
Potions cannot restore your health.
You are immune to rotting.
Your bites deal extra damage.


Message History

The orc priest mumbles some strange prayers to Beogh against you.
Beogh smites you!
Ouch! That really hurt!
* * * LOW HITPOINT WARNING * * *
You hear a shout!
You see here a +0 hand axe.
Casting: Confuse (safe; 34% risk of failure)
Confirm with . or Enter, or press ? or * to list all spells.
Aiming: Confuse (safe; 34% risk of failure)
Press: ? - help, Shift-Dir - straight line, f - orc
Aim: an orc, wielding a +4 short sword and wearing a +0 leather armour (lightly wounded, chance to defeat MR: 62%)
The orc resists with significant effort.
The orc hits you with a +4 short sword.
* * * LOW HITPOINT WARNING * * *
You see here 85 stones.
There is an open door here.
The orc priest calls down the wrath of Beogh upon you.
Beogh smites you!
Ouch! That really hurt!
You die...

#......#
###########
#......#
#.........###
#......# #
#...........#
#......###.
#......†....#
#..........
#########...#
#.......... #...#
#..........
###...###..........
#.@or.o.#####)o.o..
#.#...#.o.o.o.#.###
#.#...#..####)#.#
#.#...#..# #.%.#
#####'#####..#
##### #.......#
#..# #.......# #..#
#..)....+ ...#
#.......# ##.#


You could see an orc priest, 2 orcs and a quokka.

Vanquished Creatures
  5 worms (D:2)
  3 dart slugs
  2 leopard geckos
  3 orcs
  3 bats (D:1)
  2 giant cockroaches (D:1)
  5 goblins
  7 hobgoblins
  6 kobolds
  A quokka (D:2)
  2 frilled lizards (D:2)
  4 rats
43 creatures vanquished.

Notes
Turn   | Place    | Note
-------+----------+-------------------------------------------
     0 | D:1      | BeastOfSaturn the Vine Stalker Enchanter began the quest
                  | for the Orb.
     0 | D:1      | Reached XP level 1. HP: 10/10 MP: 4/4
    21 | D:1      | Reached skill level 1 in Short Blades
   178 | D:1      | Reached XP level 2. HP: 8/15 MP: 4/6
   239 | D:1      | Reached skill level 5 in Stealth
   499 | D:1      | Reached XP level 3. HP: 19/19 MP: 7/7
   557 | D:2      | Learned a level 3 spell: Confuse
   910 | D:2      | Reached XP level 4. HP: 13/24 MP: 8/8
  1006 | D:2      | Learned a level 3 spell: Dazzling Spray
  1258 | D:3      | Killed from afar by an orc priest

Skill      XL: |  1  2 |
---------------+-------+-----
Short Blades   | 1 |  1.9
Stealth        | 5 |  5.3
Fighting       | |  0.5
Armour         | |  0.5
Dodging        | |  2.0
Spellcasting   | |  2.1
Hexes          | |  3.6

Action                   |  1- 3 |  4- 6 || total
-------------------------+-------+-------++-------
Melee: Short sword       |   135 |    27 ||   162
       Dagger            |     5 |       ||     5
       Bite              |     9 |     4 ||    13
 Cast: Corona            |     7 |       ||     7
       Confuse           |     2 |     1 ||     3
 Stab: Sleeping          |     3 |     1 ||     4
  Eat: Chunk             |       |     2 ||     2
Armor: Ring mail         |    39 |     8 ||    47
Dodge: Dodged            |    75 |     8 ||    83
